Map: Prion Terraces

Players

WildCatBrown - Winner!

  • Race: Protoss Protoss
  • League: Bronze

Mattattack

  • Race: Zerg Zerg
  • League: Silver

VOD

Have the link to the VOD?

Description

Time

  • Played on: Jan. 6, 2016, 11:41 a.m.
  • Length: 13:01
Show
View Real Time Build Order
Export as new Build Order

WildCatBrown Protoss - Winner!

Build Orders: 1 Gate Expand 

Get SALT Encoding   

  12  0:01  Probe (Chrono Boost)  
  13  0:12  Probe (Chrono Boost)  
  14  0:22  Probe (Chrono Boost)  
  14  0:23  Pylon  
  15  0:41  Probe (Chrono Boost)  
  16  0:47  Gateway  
  16  0:50  Assimilator  
  16  0:52  Probe (Chrono Boost)  
  17  1:02  Probe (Chrono Boost)  
  18  1:13  Probe (Chrono Boost)  
  19  1:23  Nexus  
  19  1:26  Probe (Chrono Boost)  
  20  1:39  Probe (Chrono Boost)  
  21  1:41  Cybernetics Core  
  21  1:49  Probe (Chrono Boost)  
  22  1:54  Assimilator  
  22  2:00  Probe (Chrono Boost)  
  23  2:05  Pylon  
  22  2:23  Mothership Core (Chrono Boost)  
  26  2:31  Adept  
  26  2:41  Probe (Chrono Boost)  
  26  2:42  Probe (Chrono Boost)  
  26  2:43  Gateway  
  28  2:52  Probe x2 (Chrono Boost)  
  28  2:58  Adept  
  31  3:03  Probe x2 (Chrono Boost)  
  33  3:13  Probe (Chrono Boost)  
  33  3:17  Pylon  
  33  3:18  Pylon, Warp Gate  
  34  3:20  Probe (Chrono Boost)  
  34  3:24  Probe (Chrono Boost)  
  34  3:26  Sentry  
  38  3:33  Probe (Chrono Boost)  
  39  3:34  Probe (Chrono Boost)  
  39  3:39  Assimilator  
  40  3:50  Gateway  
  40  3:58  Pylon  
  40  4:02  Adept  
  42  4:03  Adept  
  45  4:17  Probe x2 (Chrono Boost)  
  45  4:20  Robotics Facility  
  45  4:22  Gateway  
  45  4:23  Gateway, Assimilator  
  46  4:27  Probe (Chrono Boost)  
  46  4:28  Probe (Chrono Boost)  
  50  4:32  Stalker x2  
  52  4:44  Probe x2 (Chrono Boost)  
  52  4:45  Pylon  
  54  4:47  Stalker  
  56  4:54  Probe x2 (Chrono Boost)  
  58  5:03  Forge  
  58  5:08  Observer  
  58  5:10  Twilight Council  
  59  5:29  Probe (Chrono Boost), Warp Prism  
  59  5:30  Probe (Chrono Boost)  
  63  5:39  Probe (Chrono Boost)  
  64  5:51  Stalker x2, Pylon  
  64  5:52  Stalker x2  
  64  5:54  Pylon  
  72  6:18  Nexus  
  72  6:19  Stalker x4  
  72  6:20  Assimilator  
  72  6:24  Assimilator  
  80  6:26  Pylon  
  80  6:29  Pylon  
  80  6:37  Immortal  
  80  6:39  Protoss Ground Weapons Level 1 (Chrono Boost)  
  83  6:54  Probe x2 (Chrono Boost)  
  85  7:05  Probe x2 (Chrono Boost)  
  85  7:17  Blink  
  85  7:27  Robotics Bay  
  85  7:35  Robotics Facility  
  85  7:36  Adept x4  
  93  7:48  Probe (Chrono Boost)  
  93  7:49  Probe x2 (Chrono Boost)  
  96  7:53  Gateway  
  96  7:56  Gateway, Immortal  
  96  7:58  Probe  
  100  7:59  Gateway  
  100  8:01  Probe x2  
  99  8:30  Stalker x2  
  99  8:31  Stalker x2  
  101  8:36  Immortal  
  90  9:03  Zealot x2  
  92  9:14  Stalker x2  
  92  9:22  Immortal x2  
  100  9:29  Adept x2  
  98  9:43  Zealot  
  98  9:45  Zealot  
  80  9:56  Stalker x2  
  84  10:02  Disruptor x2  
  90  10:13  Probe, Pylon  
  90  10:15  Photon Cannon  
  90  10:16  Probe  
  90  10:17  Probe  
  93  10:23  Probe  
  93  10:28  Protoss Ground Weapons Level 2 (Chrono Boost)  
  94  10:29  Probe x2  
  94  10:30  Stalker x4  
  104  10:37  Disruptor  
  107  10:44  Gateway  
  107  11:00  Stalker x4  
  107  11:01  Zealot x3  
  107  11:02  Zealot  
  123  11:35  Nexus  
  123  11:40  Assimilator  
  123  11:42  Assimilator  
  123  11:46  Pylon  
  123  11:49  Pylon  
  123  11:52  Pylon  
  123  11:57  Zealot  
  125  12:04  Immortal x2  
  112  12:18  Zealot x6  
  112  12:19  Zealot x2  
  100  12:51  Stalker  
  100  12:52  Stalker x4  
  100  12:53  Stalker x3  
Show
View Real Time Build Order
Export as new Build Order

Mattattack Zerg 

Build Orders: Hatch First 

Get SALT Encoding   

  12  0:01  Drone  
  13  0:34  Hatchery, Drone  
  13  0:52  Spawning Pool  
  13  0:56  Drone  
  13  1:01  Drone  
  14  1:09  Overlord  
  14  1:16  Extractor  
  14  1:17  Drone  
  14  1:40  Zergling x4  
  14  1:42  Zergling x2  
  14  1:43  Queen  
  19  1:53  Drone  
  20  2:01  Queen  
  23  2:08  Drone  
  23  2:10  Drone  
  24  2:23  Drone  
  24  2:25  Drone x2  
  24  2:26  Drone  
  28  2:33  Extractor  
  27  2:44  Roach Warren  
  27  2:48  Overlord  
  26  3:03  Drone x2  
  27  3:09  Drone  
  28  3:18  Spine Crawler  
  27  3:33  Drone  
  27  3:34  Hatchery, Drone x2  
  29  3:43  Drone  
  29  3:44  Drone x2  
  32  3:50  Overlord  
  32  4:10  Drone x3  
  35  4:18  Overlord  
  35  4:22  Roach x4  
  43  4:37  Overlord  
  43  4:41  Roach x3  
  43  4:42  Roach  
  51  4:49  Queen  
  51  4:50  Drone  
  54  4:58  Spore Crawler  
  53  5:01  Spore Crawler  
  53  5:06  Drone x3  
  55  5:15  Drone x2  
  55  5:16  Drone x3  
  60  5:25  Lair  
  60  5:31  Queen  
  62  5:57  Evolution Chamber  
  62  6:01  Evolution Chamber  
  60  6:09  Overlord x2  
  60  6:10  Overlord x2  
  60  6:18  Spine Crawler  
  60  6:21  Spine Crawler  
  58  6:30  Roach  
  58  6:31  Roach x6  
  58  6:32  Roach x4  
  80  7:00  Overlord x3  
  80  7:01  Overlord  
  80  7:09  Overlord  
  80  7:10  Overlord x2  
  78  7:25  Zergling x6  
  78  7:26  Zergling x10  
  78  7:27  Zergling x6  
  89  7:33  Pneumatized Carapace  
  89  7:39  Zerg Missile Weapons Level 1  
  89  7:41  Zerg Ground Armor Level 1  
  89  7:47  Hydralisk Den  
  89  7:49  Roach x5  
  89  7:50  Roach x3  
  104  7:53  Glial Reconstitution  
  74  8:58  Roach x2  
  74  8:59  Roach x6  
  74  9:00  Roach x5  
  74  9:01  Roach x6  
  72  9:53  Drone  
  72  9:54  Drone x2  
  72  9:59  Queen  
  75  10:01  Zergling x10  
  75  10:02  Zergling x2  
  81  10:23  Hydralisk x2  
  85  10:33  Extractor  
  85  10:34  Extractor  
  83  10:37  Extractor  
  83  10:39  Zergling x8, Extractor  
  83  10:40  Zergling x12  
  83  10:41  Zergling x4  
  93  11:01  Drone x2  
  95  11:14  Zergling x6  
  95  11:15  Zergling x12  
  104  11:29  Metabolic Boost  
  104  11:35  Drone x2  
  106  11:41  Drone  
  106  11:42  Drone x2  
  66  12:23  Roach x5  
  66  12:24  Roach x4  
  54  12:37  Zergling x2  
  54  12:38  Zergling x6  
Tags
 
Add a new tag
Caveats
  • Supply blocks, unpowered buildings, or Contaminate may cause inaccurate times.
  • Supply counts are checked every 10 seconds.